 Dungeon Crawl Stone Soup version 0.19.0-16-g73b5abf (webtiles) character file.

299 Guinours the Magician (level 6, -1/48 HPs)
             Began as a Deep Elf Ice Elementalist on Nov 10, 2016.
             Was an Initiate of Ru.
             Succumbed to Mlkhall's ghost's toxic radiance
             ... on level 4 of the Dungeon.
             The game lasted 00:24:50 (3273 turns).

Guinours the Magician (Deep Elf Ice Elementalist)   Turns: 3273, Time: 00:24:51

Health: -1/48      AC: 23    Str:  5    XL:     6   Next: 13%
Magic:  1/16       EV:  2    Int: 22    God:    Ru [......]
Gold:   175        SH:  0    Dex: 15    Spells: 2 memorised, 13 levels left

rFire  + . .     SeeInvis .     w - +1 dagger (speed)
rCold  . . .     Gourm    .     (armour currently unavailable)
rNeg   + + +     Faith    .     (no shield)
rPois  +         Spirit   .     (helmet currently unavailable)
rElec  .         Reflect  .     (cloak currently unavailable)
rCorr  .         Harm     .     (gloves currently unavailable)
MR     +....     NoTele   +     (boots currently unavailable)
Stlth  ++........               (no amulet)
                                m - ring of protection from fire
                                p - ring of protection from magic

@: lethally poisoned (-1 -> -14), tree-form
A: no striking features
a: Renounce Religion


You were on level 4 of the Dungeon.
You worshipped Ru.
Ru was noncommittal.
You were not hungry.
You were a tree.
You visited 1 branch of the dungeon, and saw 4 of its levels.

You collected 175 gold pieces.

Inventory:

Hand Weapons
 w - a +1 dagger of speed (weapon)
Armour
 a - a +0 robe (melded)
 r - a +0 pair of boots (melded)
Jewellery
 m - a ring of protection from fire (right branch)
 p - a ring of protection from magic (left branch)
Wands
 l - a wand of hasting (8/9)
Scrolls
 e - a scroll of fog
 f - a scroll of noise
 g - a scroll of teleportation
 i - a scroll of recharging
 j - a scroll of identify
 k - a scroll of magic mapping {unknown}
 n - a scroll of fear {unknown}
 q - a scroll of remove curse {unknown}
 u - a scroll of immolation {unknown}
 y - a scroll of enchant weapon {unknown}
 z - a scroll of blinking {unknown}
Potions
 o - 2 potions of agility
 s - a potion of lignification
Books
 b - a book of Frost

   Spells                             Type                      Level
   a - Freeze                         Ice                          1
   b - Throw Frost                    Conjuration/Ice              2
   c - Ozocubu's Armour               Charms/Ice                   3
   d - Throw Icicle                   Conjuration/Ice              4
   e - Summon Ice Beast               Ice/Summoning                4
Comestibles
 c - 2 bread rations
 d - 2 beef jerkies
 h - a meat ration
 t - a royal jelly
 x - a fruit


   Skills:
 + Level 0.1 Fighting
 + Level 2.8 Dodging
 + Level 2.7 Stealth
 + Level 0.2 Unarmed Combat
 + Level 5.9 Spellcasting
 + Level 2.1 Conjurations
 + Level 5.5 Ice Magic


You had 13 spell levels left.
You knew the following spells:

 Your Spells              Type           Power        Failure   Level  Hunger
a - Freeze                Ice            ####         1%          1    None
b - Throw Frost           Conj/Ice       ###...       3%          2    None


Dungeon Overview and Level Annotations

Branches:
Dungeon (4/15)             Temple (0/1) D:4

Altars:
Ru

Annotations:
D:4 Mlkhall's ghost, amateur FoVM


Message History

You cannot teleport because you are held in place by your roots.
Casting: Throw Frost
Confirm with . or Enter, or press ? or * to list all spells.
You don't have enough magic to cast that spell.
Unknown command.
Casting: Throw Frost
Confirm with . or Enter, or press ? or * to list all spells.
You don't know that spell.
You cannot move.
You cannot move.
You cannot move.
You cannot move.
There is a lethal amount of poison in your body!
* * * LOW HITPOINT WARNING * * *
You feel sick.
* * * LOW HITPOINT WARNING * * *
You feel sick.
* * * LOW HITPOINT WARNING * * *
Mlkhall's ghost hits you but does no damage.
You die...

#..##.##......##
#...#(#........##
#<.#.......)...#
.#..<...........#
................>..#
#...#........).....#
#>.................#
#...........W.....##
..........[..♣.?...#
............^......#
.........[.........#
.........)......#
....?!..........#
...............##
...........##
.>....######


You could see Mlkhall's ghost.

Vanquished Creatures
  A scorpion (D:4)
  An orc wizard (D:3)
  Natasha (D:2)
  11 adders
  An ooze (D:2)
  2 worms
  3 leopard geckos (D:3)
  11 orcs
  A ball python (D:3)
  5 bats
  A giant cockroach (D:3)
  11 goblins
  9 hobgoblins
  7 kobolds
  7 frilled lizards
  7 rats
79 creatures vanquished.

Notes
Turn   | Place    | Note
-------+----------+-------------------------------------------
     0 | D:1      | Guinours the Deep Elf Ice Elementalist began the quest for the Orb.
     0 | D:1      | Reached XP level 1. HP: 10/10 MP: 6/6
   145 | D:1      | Reached XP level 2. HP: 15/15 MP: 1/8
   284 | D:1      | Learned a level 2 spell: Throw Frost
   992 | D:2      | Reached XP level 3. HP: 18/19 MP: 0/9
  1622 | D:2      | Reached XP level 4. HP: 24/24 MP: 4/12
  1848 | D:2      | Noticed Natasha
  1856 | D:2      | HP: 1/24 [Natasha/magic dart (6)]
  1857 | D:2      | Killed Natasha
  2387 | D:3      | Reached XP level 5. HP: 28/28 MP: 4/14
  2504 | D:3      | Reached skill level 5 in Spellcasting
  2760 | D:3      | Found a sacrificial altar of Ru.
  2772 | D:3      | Became a worshipper of Ru the Awakened
  2817 | D:3      | Reached skill level 5 in Ice Magic
  3240 | D:4      | Found a staircase to the Ecumenical Temple.
  3246 | D:4      | Reached XP level 6. HP: 32/32 MP: 9/16
  3254 | D:4      | Noticed Mlkhall's ghost (amateur FoVM)
  3272 | D:4      | HP: 2/48 [poisoned by Mlkhall's ghost (toxic radiance)]
  3273 | D:4      | Succumbed to Mlkhall's ghost's toxic radiance

Skill      XL: |  1  2  3  4  5 |
---------------+----------------+-----
Ice Magic      | 4 5 |  5.5
Spellcasting   | 4 5 |  5.9
Conjurations   | 2 |  2.1
Fighting       | |  0.1
Dodging        | |  2.8
Stealth        | |  2.7
Unarmed Combat | |  0.2

Action                   |  1- 3 |  4- 6 || total
-------------------------+-------+-------++-------
Melee: Unarmed           |     6 |       ||     6
       Dagger            |       |     3 ||     3
 Cast: Freeze            |    33 |    31 ||    64
       Throw Frost       |    30 |    45 ||    75
  Use: Scroll            |     1 |     5 ||     6
       Potion            |       |     1 ||     1
  Eat: Bread ration      |     1 |       ||     1
       Chunk             |       |     4 ||     4
Armor: Robe              |     4 |     2 ||     6
       Skin              |       |     1 ||     1
Dodge: Dodged            |    14 |    10 ||    24
